General information
- name: BNet
- type: Ladder team game (AT/RT)
- host: Battle.net
- saver: BETTERCALLSAUL
map: Deadlock
- players: 8
- length: 42:43
- speed: Fast
- version: 1.28 W3XP
- replay type: Public
» download(258 KB)
Players
team 1 (winner)
TRIAX (
green | 112 APM | 2170 actions | 19:26)
5 Death Knight
3 Death Coil
2 Unholy Aura
3 Lich
2 Frost Nova
1 Frost Armor
1 Crypt Lord
1 Spiked Carapace
» actions
| Assign group hotkey | 31 | |
| Build / train | 76 | |
| Enter build submenu | 11 | |
| Enter hero's abilities submenu | 9 | |
| Right click | 953 | |
| Select / deselect | 155 | |
| Select group hotkey | 864 | |
| Use ability | 71 | |
2170 total
» units
| Acolyte | 5 | |
| Ghoul | 5 | |
| Crypt Fiend | 10 | |
| Obsidian Statue | 5 | |
25 total
» upgrades
| Creature Attack | 2 | |
| Creature Carapace | 2 | |
| Web | 1 | |
| Burrow | 1 | |
| Destroyer Form | 1 | |
7 total
» buildings
| Graveyard | 1 | |
| Crypt | 1 | |
| Ziggurat | 6 | |
| Altar of Darkness | 1 | |
| Tomb of Relics | 1 | |
| Nerubian Tower | 2 | |
| Halls of the Dead | 3 | |
| Black Citadel | 4 | |
| Slaughterhouse | 1 | |
20 total
» build order
00:09 Graveyard
00:11 Crypt
00:40 Ziggurat
00:59 Altar of Darkness
01:31 Ziggurat
01:54 Tomb of Relics
02:45 Nerubian Tower
02:45 Nerubian Tower
03:56 Halls of the Dead
03:56 Halls of the Dead
04:33 Ziggurat
05:05 Ziggurat
07:32 Black Citadel
07:32 Black Citadel
07:33 Black Citadel
08:30 Slaughterhouse
10:37 Ziggurat
12:36 Ziggurat
» items
| Rod of Necromancy | 4 | |
| Orb of Corruption | 1 | |
5 total
DDAS (
teal | 75 APM | 2610 actions | 34:46)
7 Blademaster
3 Wind Walk
3 Critical Strike
1 Bladestorm
» actions
| Assign group hotkey | 43 | |
| Basic commands | 29 | |
| Build / train | 96 | |
| ESC pressed | 2 | |
| Enter build submenu | 26 | |
| Enter hero's abilities submenu | 7 | |
| Give item / drop item | 15 | |
| Remove unit from queue | 1 | |
| Right click | 904 | |
| Select / deselect | 290 | |
| Select group hotkey | 1066 | |
| Use ability | 130 | |
2610 total
» units
| Peon | 19 | |
| Grunt | 3 | |
| Troll Witch Doctor | 4 | |
| Shaman | 5 | |
| Demolisher | 10 | |
| Troll Headhunter/Berserker | 2 | |
43 total
» upgrades
| Shaman Training | 2 | |
| Witch Doctor Training | 2 | |
| Reinforced Defenses | 1 | |
| Ranged Weapons | 1 | |
6 total
» buildings
| Altar of Storms | 1 | |
| Orc Burrow | 6 | |
| Barracks | 6 | |
| Voodoo Lounge | 1 | |
| Stronghold | 2 | |
| Great Hall | 1 | |
| War Mill | 2 | |
| Fortress | 2 | |
| Spirit Lodge | 2 | |
| Watch Tower | 2 | |
| Beastiary | 1 | |
26 total
» build order
00:03 Altar of Storms
00:16 Orc Burrow
00:36 Barracks
01:31 Orc Burrow
01:41 Voodoo Lounge
03:39 Stronghold
04:26 Great Hall
04:50 Orc Burrow
04:53 War Mill
06:03 Fortress
06:05 Spirit Lodge
06:52 Spirit Lodge
07:19 Watch Tower
07:33 Watch Tower
10:49 Orc Burrow
10:51 Orc Burrow
11:55 Orc Burrow
14:00 Beastiary
19:09 Barracks
23:32 Barracks
23:33 Barracks
23:36 Barracks
23:40 Barracks
24:23 Stronghold
25:45 War Mill
27:52 Fortress
» items
| Circlet of Nobility | 2 | |
| Healing Salve | 6 | |
| Boots of Speed | 1 | |
| Potion of Lesser Invulnerability | 4 | |
| Lesser Clarity Potion | 5 | |
| Potion of Mana | 4 | |
| Staff of Teleportation | 2 | |
| Orb of Lightning | 2 | |
| Scroll of Town Portal | 3 | |
| Potion of Healing | 4 | |
33 total
Nytheon (
blue | 36 APM | 1548 actions | 42:41)
4 Death Knight
2 Death Coil
2 Unholy Aura
3 Lich
2 Frost Nova
1 Frost Armor
2 Crypt Lord
1 Impale
1 Spiked Carapace
» actions
| Assign group hotkey | 11 | |
| Basic commands | 49 | |
| Build / train | 66 | |
| Enter build submenu | 25 | |
| Enter hero's abilities submenu | 9 | |
| Give item / drop item | 6 | |
| Right click | 886 | |
| Select / deselect | 399 | |
| Select group hotkey | 26 | |
| Use ability | 71 | |
1548 total
» units
| Acolyte | 7 | |
| Ghoul | 5 | |
| Crypt Fiend | 8 | |
| Frost Wyrm | 5 | |
25 total
» upgrades
| Creature Attack | 3 | |
| Creature Carapace | 3 | |
| Web | 1 | |
| Burrow | 1 | |
| Ghoul Frenzy | 1 | |
| Freezing Breath | 1 | |
10 total
» buildings
| Ziggurat | 16 | |
| Crypt | 2 | |
| Graveyard | 1 | |
| Altar of Darkness | 1 | |
| Necropolis | 1 | |
| Halls of the Dead | 1 | |
| Spirit Tower | 6 | |
| Black Citadel | 1 | |
| Sacrificial Pit | 1 | |
| Boneyard | 2 | |
| Tomb of Relics | 1 | |
33 total
» build order
00:23 Ziggurat
00:28 Crypt
01:12 Graveyard
01:17 Altar of Darkness
02:02 Ziggurat
03:00 Ziggurat
04:21 Ziggurat
05:40 Necropolis
06:40 Halls of the Dead
07:28 Ziggurat
07:29 Ziggurat
07:31 Ziggurat
08:27 Crypt
08:32 Spirit Tower
08:36 Spirit Tower
10:06 Black Citadel
10:59 Ziggurat
11:03 Sacrificial Pit
11:40 Spirit Tower
12:33 Boneyard
12:38 Boneyard
15:56 Tomb of Relics
16:03 Ziggurat
16:03 Ziggurat
16:04 Ziggurat
17:39 Spirit Tower
17:46 Ziggurat
17:48 Ziggurat
19:32 Spirit Tower
20:51 Ziggurat
20:53 Ziggurat
20:54 Ziggurat
27:12 Spirit Tower
» items
| Scroll of Town Portal | 5 | |
| Potion of Healing | 3 | |
| Scroll of Healing | 2 | |
| Orb of Corruption | 1 | |
11 total
BETTERCALLSAUL (
yellow | 110 APM | 4719 actions | 42:43)
6 Blademaster
3 Wind Walk
2 Critical Strike
1 Bladestorm
5 Shadow Hunter
2 Healing Wave
3 Hex
» actions
| Assign group hotkey | 155 | |
| Basic commands | 413 | |
| Build / train | 141 | |
| Enter build submenu | 40 | |
| Enter hero's abilities submenu | 11 | |
| Give item / drop item | 12 | |
| Right click | 1774 | |
| Select / deselect | 469 | |
| Select group hotkey | 1544 | |
| Use ability | 160 | |
4719 total
» units
| Peon | 14 | |
| Grunt | 8 | |
| Wind Rider | 8 | |
| Shaman | 2 | |
| Troll Headhunter/Berserker | 4 | |
| Troll Witch Doctor | 2 | |
| Raider | 3 | |
| Kodo Beast | 1 | |
42 total
» upgrades
| Berserker Strength | 1 | |
| Pillage | 1 | |
| Armor | 3 | |
| Ranged Weapons | 3 | |
| Shaman Training | 2 | |
| Reinforced Defenses | 1 | |
| Berserker Upgrade | 1 | |
| Envenomed Spears | 1 | |
| Troll Regeneration | 1 | |
| Spiked Barricades | 3 | |
| Melee Weapons | 3 | |
| Spirit Walker Training | 2 | |
| Witch Doctor Training | 2 | |
| Ensnare | 1 | |
| War Drums Damage Increase | 1 | |
| Backpack | 1 | |
| Burning Oil | 1 | |
28 total
» buildings
| Orc Burrow | 7 | |
| Barracks | 2 | |
| Altar of Storms | 1 | |
| Voodoo Lounge | 1 | |
| Great Hall | 2 | |
| Stronghold | 4 | |
| War Mill | 1 | |
| Watch Tower | 13 | |
| Fortress | 2 | |
| Beastiary | 2 | |
| Spirit Lodge | 1 | |
36 total
» build order
00:10 Orc Burrow
00:24 Orc Burrow
01:11 Barracks
01:13 Altar of Storms
01:40 Voodoo Lounge
02:53 Orc Burrow
04:22 Great Hall
04:51 Stronghold
04:51 Stronghold
06:06 War Mill
07:26 Watch Tower
07:28 Watch Tower
08:20 Watch Tower
08:20 Watch Tower
08:49 Watch Tower
09:19 Fortress
10:15 Beastiary
10:17 Beastiary
10:26 Spirit Lodge
11:29 Watch Tower
11:34 Watch Tower
12:38 Orc Burrow
13:13 Orc Burrow
13:59 Orc Burrow
17:48 Great Hall
19:48 Watch Tower
21:04 Watch Tower
21:06 Watch Tower
21:08 Watch Tower
25:03 Barracks
26:54 Watch Tower
26:55 Watch Tower
32:12 Orc Burrow
» items
| Healing Salve | 11 | |
| Lesser Clarity Potion | 5 | |
| Periapt of Vitality | 1 | |
| Circlet of Nobility | 2 | |
| Scroll of Town Portal | 3 | |
| Potion of Healing | 1 | |
| Orb of Lightning | 1 | |
| Staff of Teleportation | 2 | |
| Potion of Lesser Invulnerability | 1 | |
| Potion of Mana | 1 | |
| Boots of Speed | 1 | |
29 total
team 2 (loser)

»
cainjohnson (
purple | 36 APM | 787 actions | 21:44)
2 Mountain King
1 Storm Bolt
1 Bash
1 Archmage
1 Summon Water Elemental
» actions
| Assign group hotkey | 25 | |
| Basic commands | 51 | |
| Build / train | 72 | |
| Enter build submenu | 22 | |
| Enter hero's abilities submenu | 3 | |
| Remove unit from queue | 1 | |
| Right click | 160 | |
| Select / deselect | 142 | |
| Select group hotkey | 264 | |
| Use ability | 47 | |
787 total
» units
| Peasant | 21 | |
| Footman | 8 | |
| Siege Engine | 14 | |
| Mortar Team | 1 | |
44 total
» upgrades
| Defend | 1 | |
| Lumber Harvesting | 2 | |
| Masonry | 2 | |
| Gunpowder | 3 | |
| Plating | 3 | |
| Barrage | 1 | |
| Fragmentation Shards | 1 | |
13 total
» buildings
| Altar of Kings | 1 | |
| Barracks | 1 | |
| Farm | 9 | |
| Arcane Vault | 1 | |
| Scout Tower | 3 | |
| Arcane Tower | 2 | |
| Town Hall | 1 | |
| Keep | 1 | |
| Blacksmith | 1 | |
| Lumber Mill | 1 | |
| Castle | 1 | |
| Guard Tower | 1 | |
| Workshop | 3 | |
26 total
» build order
00:15 Altar of Kings
00:30 Barracks
00:43 Farm
00:58 Farm
01:51 Farm
02:14 Farm
02:46 Arcane Vault
03:09 Scout Tower
03:38 Arcane Tower
04:43 Town Hall
04:56 Scout Tower
05:07 Keep
05:55 Blacksmith
06:00 Lumber Mill
06:32 Arcane Tower
06:39 Scout Tower
07:33 Farm
07:37 Castle
07:43 Guard Tower
08:29 Farm
08:30 Farm
08:31 Farm
08:32 Farm
08:37 Workshop
08:42 Workshop
09:58 Workshop
» items
| Lesser Clarity Potion | 1 | |
| Scroll of Regeneration | 1 | |
| Mechanical Critter | 1 | |
| Orb of Fire | 1 | |
4 total

»
Negro (
orange | 70 APM | 741 actions | 10:39)
3 Beastmaster
2 Summon Quilbeast
1 Summon Hawk
» actions
| Assign group hotkey | 22 | |
| Basic commands | 51 | |
| Build / train | 52 | |
| ESC pressed | 8 | |
| Enter build submenu | 13 | |
| Enter hero's abilities submenu | 3 | |
| Right click | 291 | |
| Select / deselect | 184 | |
| Select group hotkey | 63 | |
| Use ability | 54 | |
741 total
» units
| Wisp | 19 | |
| Archer | 16 | |
| Huntress | 2 | |
| Druid of the Talon | 5 | |
42 total
» upgrades
» buildings
| Moon Well | 4 | |
| Ancient of War | 1 | |
| Altar of Elders | 1 | |
| Ancient of Wonders | 1 | |
| Tree of Ages | 2 | |
| Tree of Life | 2 | |
| Hunter's Hall | 1 | |
| Tree of Eternity | 2 | |
| Ancient of Wind | 1 | |
| Ancient of Lore | 1 | |
16 total
» build order
00:08 Moon Well
00:18 Ancient of War
01:21 Altar of Elders
01:32 Moon Well
03:28 Ancient of Wonders
04:05 Tree of Ages
04:05 Tree of Ages
04:07 Moon Well
04:25 Tree of Life
05:02 Moon Well
05:10 Hunter's Hall
06:43 Tree of Life
07:36 Tree of Eternity
07:36 Tree of Eternity
07:37 Ancient of Wind
08:24 Ancient of Lore
Demon_JoyRock (
pink | 70 APM | 2107 actions | 30:00)
4 Archmage
2 Summon Water Elemental
2 Brilliance Aura
2 Paladin
1 Divine Shield
1 Devotion Aura
» actions
| Assign group hotkey | 25 | |
| Basic commands | 38 | |
| Build / train | 124 | |
| Enter build submenu | 51 | |
| Enter hero's abilities submenu | 7 | |
| Right click | 1158 | |
| Select / deselect | 412 | |
| Select group hotkey | 211 | |
| Use ability | 81 | |
2107 total
» units
| Peasant | 30 | |
| Footman | 9 | |
| Knight | 15 | |
| Priest | 9 | |
| Wisp | 11 | |
74 total
» upgrades
| Masonry | 3 | |
| Defend | 1 | |
| Swords | 3 | |
| Plating | 3 | |
| Lumber Harvesting | 2 | |
| Animal War Training | 1 | |
| Priest Training | 2 | |
15 total
» buildings
| Altar of Kings | 1 | |
| Barracks | 2 | |
| Farm | 12 | |
| Lumber Mill | 1 | |
| Scout Tower | 21 | |
| Guard Tower | 18 | |
| Arcane Vault | 1 | |
| Blacksmith | 1 | |
| Town Hall | 3 | |
| Arcane Tower | 2 | |
| Keep | 1 | |
| Castle | 1 | |
| Arcane Sanctum | 2 | |
| Tree of Life | 1 | |
| Moon Well | 1 | |
| Altar of Elders | 1 | |
69 total
» build order
00:10 Altar of Kings
00:16 Barracks
00:23 Farm
01:07 Farm
01:53 Farm
02:32 Lumber Mill
02:55 Farm
03:38 Scout Tower
03:47 Barracks
04:24 Scout Tower
04:25 Guard Tower
04:56 Arcane Vault
04:58 Guard Tower
05:00 Farm
05:03 Blacksmith
06:06 Farm
06:56 Scout Tower
07:23 Town Hall
07:30 Scout Tower
07:32 Scout Tower
07:56 Scout Tower
07:57 Arcane Tower
08:07 Guard Tower
08:08 Guard Tower
08:10 Scout Tower
08:12 Scout Tower
08:39 Guard Tower
08:40 Guard Tower
08:43 Scout Tower
08:45 Scout Tower
08:49 Farm
08:51 Guard Tower
08:52 Keep
09:18 Scout Tower
09:20 Guard Tower
09:21 Scout Tower
09:23 Guard Tower
09:46 Farm
10:45 Farm
10:52 Guard Tower
10:59 Guard Tower
11:18 Farm
12:20 Scout Tower
12:27 Scout Tower
12:31 Scout Tower
12:33 Farm
12:36 Castle
12:49 Guard Tower
12:52 Scout Tower
13:01 Guard Tower
13:07 Guard Tower
13:39 Town Hall
13:47 Farm
14:08 Guard Tower
14:15 Scout Tower
14:26 Scout Tower
14:46 Scout Tower
14:47 Guard Tower
14:58 Guard Tower
15:15 Scout Tower
15:16 Arcane Tower
15:47 Guard Tower
16:12 Arcane Sanctum
16:15 Arcane Sanctum
16:58 Scout Tower
18:00 Tree of Life
24:55 Town Hall
27:49 Moon Well
29:20 Altar of Elders
» items
| Scroll of Regeneration | 2 | |
| Scroll of Town Portal | 2 | |
| Potion of Healing | 1 | |
5 total
STEAM-OR-GOG. (
red | 61 APM | 2609 actions | 42:41)
5 Blademaster
3 Wind Walk
2 Critical Strike
1 Shadow Hunter
1 Hex
» actions
| Assign group hotkey | 38 | |
| Basic commands | 57 | |
| Build / train | 87 | |
| Enter build submenu | 35 | |
| Enter hero's abilities submenu | 6 | |
| Give item / drop item | 2 | |
| Right click | 1196 | |
| Select / deselect | 323 | |
| Select group hotkey | 743 | |
| Use ability | 122 | |
2609 total
» units
| Peon | 33 | |
| Grunt | 3 | |
| Wind Rider | 8 | |
| Mortar Team | 4 | |
48 total
» upgrades
| Reinforced Defenses | 1 | |
| Backpack | 1 | |
| Envenomed Spears | 1 | |
| Liquid Fire | 1 | |
| Ranged Weapons | 1 | |
| Armor | 1 | |
| Ensnare | 1 | |
7 total
» buildings
| Altar of Storms | 1 | |
| Orc Burrow | 13 | |
| Barracks | 1 | |
| Voodoo Lounge | 3 | |
| Stronghold | 10 | |
| Great Hall | 3 | |
| War Mill | 3 | |
| Beastiary | 7 | |
| Fortress | 1 | |
| Watch Tower | 24 | |
66 total
» build order
00:06 Altar of Storms
00:19 Orc Burrow
00:36 Barracks
01:22 Orc Burrow
01:55 Voodoo Lounge
03:12 Stronghold
03:13 Stronghold
03:13 Stronghold
03:13 Stronghold
03:31 Stronghold
03:31 Stronghold
04:07 Great Hall
04:24 Orc Burrow
04:51 War Mill
05:07 Orc Burrow
05:08 Orc Burrow
05:56 Beastiary
07:11 Beastiary
07:29 Fortress
07:54 Watch Tower
07:55 Watch Tower
07:56 Watch Tower
08:56 Watch Tower
09:05 Watch Tower
10:34 Watch Tower
10:34 Watch Tower
11:37 Watch Tower
11:38 Watch Tower
12:18 Watch Tower
12:27 Orc Burrow
15:39 War Mill
16:45 Orc Burrow
16:45 Orc Burrow
16:46 Orc Burrow
17:58 Great Hall
18:00 War Mill
18:51 Beastiary
18:51 Beastiary
18:54 Orc Burrow
18:55 Orc Burrow
19:39 Orc Burrow
19:47 Orc Burrow
20:40 Voodoo Lounge
21:45 Beastiary
24:44 Great Hall
24:46 Watch Tower
24:47 Watch Tower
24:47 Watch Tower
24:48 Watch Tower
24:48 Watch Tower
24:49 Watch Tower
25:52 Beastiary
25:53 Beastiary
26:48 Watch Tower
26:48 Watch Tower
26:48 Watch Tower
30:37 Watch Tower
30:38 Watch Tower
30:38 Watch Tower
30:38 Watch Tower
30:39 Watch Tower
31:50 Voodoo Lounge
36:07 Stronghold
» items
| Healing Salve | 2 | |
| Staff of Teleportation | 1 | |
| Potion of Lesser Invulnerability | 2 | |
| Boots of Speed | 1 | |
| Scroll of Town Portal | 5 | |
| Scroll of Healing | 2 | |
13 total
Chat log
(00:25 / Allies) TRIAX: standard ud
(00:44 / Allies) BETTERCALLSAUL: standard orc
(01:15 / Allies) BETTERCALLSAUL: what
(02:10 / All) STEAM-OR-GOG.: we are having a lovers quarrel over here
(02:19 / All) TRIAX: do tell
(02:21 / All) BETTERCALLSAUL: what's going on?
(02:32 / All) STEAM-OR-GOG.: oj and pink are pissed at each other
(02:38 / All) BETTERCALLSAUL: why
(02:41 / All) Nytheon: already??
(02:43 / All) Negro: pink mistakend me for someone else
(02:52 / All) STEAM-OR-GOG.: oj is pissed pink slept with his mother
(02:55 / All) Nytheon: a white guy?
(03:09 / All) Negro: pink mistakened me for someone called Neggro
(10:49 / All) BETTERCALLSAUL: cowardly negro
(10:57 / All) Demon_JoyRock: i told em
(11:53 / All) STEAM-OR-GOG.: can uguys maybe skip my base
(12:44 / Allies) TRIAX: ?
(12:47 / Allies) Nytheon: yes
(13:23 / All) STEAM-OR-GOG.: lol
(13:26 / All) Demon_JoyRock: holy fuck this kid went air
(13:29 / All) Demon_JoyRock: after u mass fiends
(13:30 / All) cainjohnson: we all don't like pink
(13:31 / All) Demon_JoyRock: gg
(13:38 / All) STEAM-OR-GOG.: i dont like pink either
(13:41 / All) Demon_JoyRock: unreal
(13:45 / All) STEAM-OR-GOG.: glad oj slept with ur mom bitch
(13:52 / All) Demon_JoyRock: reported
(13:58 / All) Demon_JoyRock: blizz will be at ur door within the hour
(14:17 / Allies) BETTERCALLSAUL: wood me if you can
(15:13 / Allies) BETTERCALLSAUL: wood me?
(17:02 / Allies) TRIAX: fuck theyre going to me
(17:02 / Allies) Nytheon: yello wtf
(17:12 / All) TRIAX: sigh
(18:40 / Allies) BETTERCALLSAUL: hit somewhere else
(18:41 / All) STEAM-OR-GOG.: green get off my base man
(18:44 / Allies) BETTERCALLSAUL: hit red more and I kill you
(18:46 / Allies) BETTERCALLSAUL: and give you the loss
(18:49 / Allies) BETTERCALLSAUL: I destroy your whole base
(18:54 / All) TRIAX: i dont care
(18:58 / All) TRIAX: literally dont care
(19:01 / All) BETTERCALLSAUL: time to die then
(19:10 / Allies) Nytheon: come on.....
(19:26 / Allies) TRIAX: waste someon elses time
(25:04 / All) STEAM-OR-GOG.: ok mr try hard
(25:05 / All) STEAM-OR-GOG.: lol
(28:25 / All) STEAM-OR-GOG.: pink is an idiot
(28:33 / All) Demon_JoyRock: he puts tanks into blues base
(28:37 / All) Demon_JoyRock: calls me an idiot
(28:39 / All) STEAM-OR-GOG.: WE CAN TAKE THEM RETARD
(28:52 / All) Demon_JoyRock: good job red being complete shit
(28:57 / All) STEAM-OR-GOG.: now u hit
(28:59 / All) STEAM-OR-GOG.: yellow lol
(29:08 / All) Demon_JoyRock: this kid doesnt know how to play wc3
(29:23 / All) BETTERCALLSAUL: you obviously don't know how to play, pink
(29:28 / All) Demon_JoyRock: sure bud
(29:54 / All) Demon_JoyRock: done noobest team ever
(29:57 / All) Demon_JoyRock: dies to bms lmao
(29:58 / All) STEAM-OR-GOG.: leave faggot
(30:27 / All) BETTERCALLSAUL: I don't think taht attack on my expo was the sort from someone who knows how to play war3
(31:33 / All) STEAM-OR-GOG.: ur team is full of try hards
(31:49 / All) BETTERCALLSAUL: yeah
(31:53 / All) BETTERCALLSAUL: it won't be soon
(32:15 / All) STEAM-OR-GOG.: teal was the guy who tried to use reverse physcology on u
(33:12 / All) Nytheon: idk whats going on lol
(33:18 / Allies) DDAS: yellow is going to tk
(33:42 / All) Nytheon: why?
(33:48 / All) BETTERCALLSAUL: why what
(33:49 / All) STEAM-OR-GOG.: teal knows why
(33:53 / All) STEAM-OR-GOG.: he was in a game with us yeterday
(33:55 / All) Nytheon: why tk?
(34:13 / All) BETTERCALLSAUL: who's tking?
(34:21 / All) Nytheon: you?
(34:26 / All) BETTERCALLSAUL: am I?
(34:31 / Allies) DDAS: attack him with your towes
(34:31 / All) BETTERCALLSAUL: I think you're tking me
(34:53 / All) BETTERCALLSAUL: blue is trying to kill my army with his ziggurats
(34:55 / All) BETTERCALLSAUL: he's a tker
(35:05 / All) BETTERCALLSAUL: oh he's killing his own hall now with them
(35:07 / All) BETTERCALLSAUL: that's better
(35:15 / All) STEAM-OR-GOG.: he was tping to protect bases before i could even see them
(36:40 / All) BETTERCALLSAUL: kill bm bot mid
(37:24 / All) BETTERCALLSAUL: kill bm bot mid
(37:47 / Allies) BETTERCALLSAUL: bad boy
(37:50 / Allies) BETTERCALLSAUL: you lose
(38:17 / All) Nytheon: I mean Im having a blast. I am just wondering whats up
(38:24 / All) BETTERCALLSAUL: are you having as much fun as I am?
(38:29 / All) BETTERCALLSAUL: I doubt that
(38:43 / All) Nytheon: It was a great game
(38:47 / All) BETTERCALLSAUL: you're losing it
(38:48 / All) Nytheon: Kinda goofy
(38:49 / All) BETTERCALLSAUL: Leave and you get a tie
(38:52 / All) BETTERCALLSAUL: stay and you get a loss
(39:01 / All) Nytheon: I'll take the loss